Map: Green Acres

Players

Erfeyah - Winner!

  • Race: Terran Terran
  • Spawn Location: 9:00

VOD

Have the link to the VOD?

Description

Time

  • Played on: Nov. 26, 2017, 5 p.m.
  • Length: 14:35
Show
View Real Time Build Order
Export as new Build Order

Erfeyah Terran - Winner!

Build Orders:  

Get SALT Encoding   

  12  0:07  SCV  
  12  0:23  Supply Depot  
  12  0:31  SCV  
  12  0:51  Barracks  
  12  1:09  Supply Depot  
  12  1:20  SCV  
  12  1:32  SCV  
  12  1:44  SCV  
  12  1:46  Refinery  
  12  1:49  Marine  
  12  1:56  SCV  
  12  2:07  Supply Depot, Marine  
  12  2:25  Marine  
  12  2:26  SCV  
  12  2:43  Marine  
  12  2:50  Barracks  
  12  3:42  SCV, Marine  
  12  3:43  Barracks  
  12  3:49  Marine  
  12  3:54  SCV  
  12  4:00  Marine  
  12  4:07  Marine  
  12  4:18  Marine  
  12  4:25  SCV, Marine  
  12  4:36  Marine  
  12  4:37  SCV  
  12  4:43  Marine  
  12  4:45  Factory  
  12  4:54  Marine  
  12  5:00  Marine  
  12  5:12  Marine, Command Center  
  12  5:18  SCV  
  12  6:21  Starport  
  12  6:23  Marine x3  
  12  6:24  SCV  
  12  6:30  Starport  
  12  6:36  SCV  
  12  6:41  Marine x2  
  12  6:56  Bunker  
  12  7:05  Supply Depot  
  12  7:20  SCV, Marine  
  12  7:21  Marine x2  
  12  7:32  SCV  
  12  7:38  Marine  
  12  7:39  Marine x2  
  12  7:59  Supply Depot  
  12  8:16  Supply Depot  
  12  8:22  Supply Depot  
  12  8:34  SCV, Marine  
  12  8:35  Marine x2  
  12  8:52  Marine  
  12  8:53  Starport, Marine  
  12  9:08  Medivac x2  
  12  9:38  Medivac x2  
  12  9:40  Command Center  
  12  10:08  Medivac  
  12  11:34  Supply Depot  
  12  12:13  SCV x3  
  12  12:14  Marine x3  
  12  12:25  SCV x2  
  12  12:32  Marine x3  
  12  12:50  Marine  
  12  13:07  Supply Depot  
  12  13:10  Supply Depot  
  12  13:12  Supply Depot  
  12  13:13  Supply Depot  
  12  13:15  Supply Depot  
  12  13:35  SCV x3  
  12  13:36  Marine  
  12  13:37  Marine x2  
  12  13:47  SCV x3  
  12  13:51  Supply Depot  
  12  13:54  Marine x3  
  12  13:59  SCV  
  12  14:12  Marine x2  
  12  14:14  SCV x3  
Tags
 
Add a new tag
Caveats
  • Supply blocks, unpowered buildings, or Contaminate may cause inaccurate times.
  • Supply counts are checked every 10 seconds.